[Event "January 2 Early 2024"]
[Site "https://www.chess.com"]
[Date "2024.01.02"]
[Round "1"]
[White "Tiarks, Jann-Christian"]
[Black "Kosteniuk, Alexandra"]
[Result "0-1"]
[Board "134"]
[TimeControl "180+1"]
[WhiteFideId "12951595"]
[BlackFideId "4128125"]
[WhiteElo "2400"]
[BlackElo "2771"]
[WhiteTeam "GER"]
[BlackTeam "SUI"]
[WhiteClock "0:01:25"]
[BlackClock "0:02:06"]

1. e4 c6 2. Nf3 d5 3. exd5 cxd5 4. Ne5 Nf6 5. Bb5+ Nbd7 6. d4 a6 7. Bd3 Nxe5 8. dxe5 Ng4 9. Bf4 h5 10. h3 Nh6 11. Qxh5 Qb6 12. O-O Be6 13. Qe2 g5 14. Bc1 g4 15. h4 g3 16. Nc3 Ng4 17. Na4 gxf2+ 18. Kh1 Rxh4# 0-1

[Event "January 2 Early 2024"]
[Site "https://www.chess.com"]
[Date "2024.01.02"]
[Round "1"]
[White "Novozhilov, Semen"]
[Black "Carre, Sylvain"]
[Result "1-0"]
[Board "135"]
[TimeControl "180+1"]
[WhiteFideId "24289167"]
[BlackFideId "642118"]
[WhiteElo "2770"]
[BlackElo "2400"]
[WhiteTeam "RUS"]
[BlackTeam "FRA"]
[WhiteClock "0:01:47"]
[BlackClock "0:00:04"]

1. d4 d5 2. c4 c6 3. Nf3 Nf6 4. e3 e6 5. b3 Nbd7 6. Bd3 b6 7. Bf1 Bb7 8. Bd3 c5 9. O-O Bd6 10. Bb2 O-O 11. Nc3 Rc8 12. cxd5 Nxd5 13. Nxd5 Bxd5 14. e4 Bb7 15. Qe2 cxd4 16. Nxd4 Ne5 17. Ba6 Bxa6 18. Qxa6 Bb8 19. Rfd1 Qh4 20. Qe2 Nc6 21. Nf3 Qh5 22. h3 Rfd8 23. Rxd8+ Rxd8 24. Rd1 Rxd1+ 25. Qxd1 Qc5 26. Qd7 h6 27. Qe8+ Kh7 28. Qxf7 e5 29. Nh4 Nd4 30. Qg6+ Kg8 31. g3 Qf8 32. a4 Bd6 33. Bxd4 exd4 34. Nf5 Be5 35. Qe6+ Kh8 36. Qxe5 d3 37. Qd5 g6 38. Ne3 Qf3 39. Qxd3 g5 40. Qd4+ Kh7 41. Qd5 h5 42. Qf5+ Qxf5 43. exf5 h4 44. g4 Kg7 45. Kg2 Kf6 46. Kf3 Ke5 47. Nc4+ Kd4 48. f6 1-0

[Event "January 2 Early 2024"]
[Site "https://www.chess.com"]
[Date "2024.01.02"]
[Round "1"]
[White "Sokolov, Andrei"]
[Black "Garcia Ramos, Daniel"]
[Result "0-1"]
[Board "136"]
[TimeControl "180+1"]
[WhiteFideId "11600306"]
[BlackFideId "32010311"]
[WhiteElo "2400"]
[BlackElo "2766"]
[WhiteTeam "LAT"]
[BlackTeam "ESP"]
[WhiteClock "0:00:01"]
[BlackClock "0:00:20"]

1. d4 Nf6 2. c4 e6 3. Nf3 d5 4. g3 Bb4+ 5. Bd2 Be7 6. Bg2 O-O 7. Qc2 c6 8. O-O b6 9. Bf4 Ba6 10. Nbd2 Nbd7 11. e4 dxc4 12. e5 Nd5 13. Nxc4 Nxf4 14. gxf4 Rc8 15. Rfd1 Qc7 16. Ne3 g6 17. Rac1 Rfd8 18. Nd2 Bb7 19. Qa4 b5 20. Qb3 Nb6 21. Ne4 a5 22. Nc5 a4 23. Qc3 Nd5 24. Nxd5 cxd5 25. Qd3 Qb6 26. a3 Bxc5 27. dxc5 Rxc5 28. Qe3 d4 29. Qd2 Bxg2 30. Kxg2 Qb7+ 31. Kg1 Rxc1 32. Rxc1 Qf3 33. Rc7 d3 34. Rc5 Qe2 35. Qc3 d2 0-1

[Event "January 2 Early 2024"]
[Site "https://www.chess.com"]
[Date "2024.01.02"]
[Round "1"]
[White "Munkhgal, Gombosuren"]
[Black "Schuh, Karsten"]
[Result "1-0"]
[Board "137"]
[TimeControl "180+1"]
[WhiteFideId "4901266"]
[BlackFideId "4637950"]
[WhiteElo "2762"]
[BlackElo "2400"]
[WhiteTeam "MGL"]
[BlackTeam "GER"]
[WhiteClock "0:00:21"]
[BlackClock "0:00:26"]

1. e4 c5 2. b4 cxb4 3. d4 d5 4. exd5 Nf6 5. a3 Qxd5 6. axb4 Nc6 7. Nf3 Bg4 8. c4 Qe4+ 9. Be2 e6 10. O-O Bxb4 11. h3 Bf5 12. Ba3 O-O 13. Bxb4 Nxb4 14. Nc3 Qc2 15. Nh4 Qxd1 16. Rfxd1 Bg6 17. Nxg6 hxg6 18. Bf3 Nc6 19. d5 exd5 20. cxd5 Ne5 21. Be2 Rac8 22. Nb5 a6 23. Nd6 Rc7 24. f4 Ned7 25. Bf3 Rd8 26. Rdc1 Nc5 27. Nxb7 Rxb7 28. Rxc5 Rb6 29. Rc6 Rdb8 30. Rxa6 Rb1+ 31. Kh2 R8b5 32. Rc8+ Kh7 33. Raa8 g5 34. f5 g6 35. Rc7 Rb7 36. d6 1-0

[Event "January 2 Early 2024"]
[Site "https://www.chess.com"]
[Date "2024.01.02"]
[Round "1"]
[White "Batbold, Nyamsuren"]
[Black "Manelyuk, Daniil"]
[Result "1-0"]
[Board "138"]
[TimeControl "180+1"]
[WhiteFideId "4903331"]
[BlackFideId "44173920"]
[WhiteElo "2398"]
[BlackElo "2761"]
[WhiteTeam "MGL"]
[BlackTeam "RUS"]
[WhiteClock "0:00:17"]
[BlackClock "0:00:07"]

1. Nf3 c5 2. b3 Nc6 3. Bb2 d6 4. g3 e5 5. Bg2 g6 6. c4 Bg7 7. Nc3 Nge7 8. O-O O-O 9. d3 Be6 10. Rb1 h6 11. a3 d5 12. cxd5 Nxd5 13. Nd2 b6 14. Nc4 Re8 15. Nxd5 Bxd5 16. Ne3 Bxg2 17. Kxg2 Nd4 18. b4 cxb4 19. axb4 b5 20. Kg1 Qd6 21. Bxd4 exd4 22. Ng2 Rac8 23. Qd2 Rc3 24. h4 Rec8 25. Rb2 Qc6 26. Ra1 Rc1+ 27. Rxc1 Qxc1+ 28. Qxc1 Rxc1+ 29. Kh2 Be5 30. Ra2 Rb1 31. Rxa7 Rxb4 32. Re7 Bf6 33. Re8+ Kg7 34. Nf4 Rb2 35. Kg2 b4 36. Kf3 b3 37. Rb8 Rb1 38. h5 g5 39. Nd5 Be5 40. Rb5 b2 41. Ke4 Bd6 42. Kxd4 Ba3 43. Nc3 Rc1 44. e4 Kf6 45. Rb3 Bd6 46. Rb6 Ke6 47. e5 b1=Q 48. Nxb1 Kd7 49. Rxd6+ Ke7 50. Nc3 f6 51. Nd5+ Kf7 52. Rxf6+ Kg7 53. Rg6+ Kh7 54. Nf6+ 1-0

[Event "January 2 Early 2024"]
[Site "https://www.chess.com"]
[Date "2024.01.02"]
[Round "1"]
[White "Bardyk, Artem"]
[Black "Cruz Ravina, Francisco Javier"]
[Result "1-0"]
[Board "139"]
[TimeControl "180+1"]
[WhiteFideId "34349979"]
[BlackFideId "2228939"]
[WhiteElo "2756"]
[BlackElo "2398"]
[WhiteTeam "RUS"]
[BlackTeam "ESP"]
[WhiteClock "0:00:08"]
[BlackClock "0:00:00"]

1. e4 d5 2. exd5 Nf6 3. Bb5+ Nbd7 4. d4 Nxd5 5. Nf3 e6 6. O-O Be7 7. Re1 O-O 8. Bf1 b6 9. c4 N5f6 10. Nc3 Bb7 11. Bf4 a6 12. Ne5 Nxe5 13. Bxe5 Bd6 14. Bd3 Bxe5 15. dxe5 Nd7 16. Qe2 Qe7 17. Rad1 Rfd8 18. Be4 Bxe4 19. Qxe4 Nc5 20. Qc6 Rxd1 21. Rxd1 Rd8 22. g3 h5 23. h4 Rxd1+ 24. Nxd1 Qd7 25. Qxd7 Nxd7 26. f4 g6 27. Kf2 Kf8 28. Ke3 Ke7 29. Kd4 f5 30. Nf2 c5+ 31. Kc3 Nb8 32. a3 Nc6 33. b4 Nd4 34. bxc5 bxc5 35. Nd3 Ne2+ 36. Kd2 Nxg3 37. Nxc5 a5 38. Ke3 Nf1+ 39. Ke2 Nh2 40. Nb7 Kd7 41. Nxa5 Kc7 42. Nb3 Ng4 43. Nd4 Kd7 44. a4 g5 45. hxg5 h4 46. g6 h3 47. g7 h2 48. g8=Q h1=Q 49. Qf7+ Kc8 50. Qxe6+ Kb7 51. Qd7+ Kb6 52. Qb5+ Kc7 53. Ne6+ Kc8 54. Qe8+ Kb7 55. Qd7+ Kb8 56. Qd8+ Kb7 57. Qc7+ Ka8 58. Qc8+ Ka7 59. Qd7+ Ka8 60. Qd5+ Qxd5 61. cxd5 1-0

[Event "January 2 Early 2024"]
[Site "https://www.chess.com"]
[Date "2024.01.02"]
[Round "1"]
[White "Agrest, Inna"]
[Black "Wagner, Dennis"]
[Result "0-1"]
[Board "140"]
[TimeControl "180+1"]
[WhiteFideId "1708830"]
[BlackFideId "24650684"]
[WhiteElo "2396"]
[BlackElo "2755"]
[WhiteTeam "SWE"]
[BlackTeam "GER"]
[WhiteClock "0:00:00"]
[BlackClock "0:00:06"]

1. e4 e5 2. Nf3 Nc6 3. Bb5 a6 4. Ba4 Nf6 5. O-O Be7 6. Re1 b5 7. Bb3 O-O 8. h3 Bb7 9. d3 d5 10. Nbd2 dxe4 11. dxe4 Bd6 12. c3 Na5 13. Bc2 c5 14. Nh4 g6 15. Nf1 Nc4 16. b3 Nb6 17. Bh6 Re8 18. Qf3 Nfd5 19. Nf5 Nf4 20. Nxd6 Qxd6 21. Rad1 Qf6 22. Ne3 Qh4 23. Bxf4 exf4 24. Nd5 Nxd5 25. exd5 Rxe1+ 26. Rxe1 Rd8 27. c4 bxc4 28. bxc4 a5 29. Re4 Qf6 30. Rxf4 Qa1+ 31. Kh2 Rf8 32. Ba4 Qxa2 33. Bc6 Bxc6 34. dxc6 Qb2 35. c7 Qe5 36. g3 Qxc7 37. Qd5 a4 38. Rf6 Rd8 39. Qf3 Qe7 40. Rc6 Rd4 41. Rc8+ Kg7 42. Qa8 Rd2 43. Rg8+ Kf6 0-1

[Event "January 2 Early 2024"]
[Site "https://www.chess.com"]
[Date "2024.01.02"]
[Round "1"]
[White "Matinian, Nikita"]
[Black "Beydullayeva, Govhar"]
[Result "0-1"]
[Board "141"]
[TimeControl "180+1"]
[WhiteFideId "24129100"]
[BlackFideId "13413015"]
[WhiteElo "2754"]
[BlackElo "2395"]
[WhiteTeam "FID"]
[BlackTeam "AZE"]
[WhiteClock "0:00:02"]
[BlackClock "0:00:05"]

1. e4 c5 2. Nc3 d6 3. f4 Nc6 4. Nf3 g6 5. Bb5 Bg7 6. Bxc6+ bxc6 7. d3 e6 8. e5 Ne7 9. O-O O-O 10. Ne4 dxe5 11. fxe5 Bxe5 12. Nxe5 Qd4+ 13. Kh1 Qxe5 14. Bf4 Qxb2 15. Rb1 Qg7 16. Bd6 f5 17. Nxc5 Rd8 18. Bg3 e5 19. Qe1 f4 20. Bf2 Nf5 21. Qa5 Qe7 22. Rfe1 Rd5 23. c4 Rd6 24. Rb3 Nd4 25. Bxd4 Rxd4 26. Na4 f3 27. Nb6 fxg2+ 28. Kg1 Qh4 29. Nxa8 Rf4 30. Qd2 Bh3 31. Rb8+ Kg7 32. Rb7+ Kf6 33. Rbb1 Qg4 34. Qxf4+ exf4 35. Nc7 f3 36. Ne8+ Kf7 37. Re4 f2+ 38. Kxf2 Qf5+ 39. Kg3 Qf1 40. Rf4+ Kxe8 41. Rbxf1 gxf1=Q 42. Rxf1 Bxf1 43. c5 Bxd3 44. Kf4 Bc4 45. Ke5 Bxa2 46. Kd6 Bd5 0-1

[Event "January 2 Early 2024"]
[Site "https://www.chess.com"]
[Date "2024.01.02"]
[Round "1"]
[White "Grave, Jacob Templen"]
[Black "Karacsonyi, Gellert"]
[Result "1-0"]
[Board "142"]
[TimeControl "180+1"]
[WhiteFideId "1542656"]
[BlackFideId "764620"]
[WhiteElo "2393"]
[BlackElo "2752"]
[WhiteTeam "NOR"]
[BlackTeam "HUN"]
[WhiteClock "0:00:51"]
[BlackClock "0:01:56"]

1. d4 Nf6 2. c4 e6 3. Nc3 Bb4 4. f3 c5 5. d5 b5 6. e4 O-O 7. Nh3 Re8 8. Be2 d6 9. O-O exd5 10. cxd5 Bxh3 11. gxh3 c4 12. Kh1 Nbd7 13. Nxb5 Ne5 14. Be3 Qd7 15. Nd4 Qxh3 16. Rg1 Neg4 17. fxg4 Qxe3 18. Nf5 Qxe4+ 19. Bf3 Qf4 20. Rf1 Ne4 21. Qd4 Bc5 22. Qxg7# 1-0

[Event "January 2 Early 2024"]
[Site "https://www.chess.com"]
[Date "2024.01.02"]
[Round "1"]
[White "Badmatsyrenov, Oleg"]
[Black "Mikhalsky, Vladimir"]
[Result "1-0"]
[Board "143"]
[TimeControl "180+1"]
[WhiteFideId "24115762"]
[BlackFideId "14144352"]
[WhiteElo "2751"]
[BlackElo "2393"]
[WhiteTeam "FID"]
[BlackTeam "UKR"]
[WhiteClock "0:00:37"]
[BlackClock "0:00:13"]

1. e4 g6 2. h4 d5 3. e5 h5 4. d4 c5 5. dxc5 Bf5 6. b4 a5 7. c3 Bg7 8. Nf3 Nh6 9. Bf4 Ng4 10. Bb5+ Nc6 11. O-O O-O 12. Bxc6 bxc6 13. Nbd2 f6 14. Re1 fxe5 15. Nxe5 Qb8 16. Ndf3 axb4 17. Nxg6 Bxg6 18. Bxb8 Raxb8 19. cxb4 Bxa1 20. Qxa1 Be4 21. Ng5 Rxf2 22. Nxe4 dxe4 23. Rxe4 Rf7 24. Qd4 Nf6 25. Re5 Nd5 26. Rg5+ Kh7 27. Rxh5+ Kg6 28. Qg4+ Kf6 29. Rh6+ Ke5 30. Re6# 1-0

[Event "January 2 Early 2024"]
[Site "https://www.chess.com"]
[Date "2024.01.02"]
[Round "1"]
[White "Oganian, Miran"]
[Black "Mohammed, Zozek Salah Mohammed"]
[Result "1-0"]
[Board "145"]
[TimeControl "180+1"]
[WhiteFideId "4122488"]
[BlackFideId "4803361"]
[WhiteElo "2749"]
[BlackElo "2390"]
[WhiteTeam "RUS"]
[BlackTeam "IRQ"]
[WhiteClock "0:01:17"]
[BlackClock "0:01:14"]

1. e4 e6 2. d4 d5 3. Nc3 Nf6 4. Bd3 c5 5. exd5 Nxd5 6. Nf3 Nxc3 7. bxc3 Be7 8. O-O O-O 9. Qe2 Nc6 10. Rd1 Qa5 11. Bd2 cxd4 12. Nxd4 Nxd4 13. cxd4 Qd5 14. Bf4 Bd7 15. c4 Qa5 16. Be5 f6 17. Qh5 f5 18. c5 Bf6 19. Qe2 Bc6 20. Bc4 Rae8 21. Bd6 Bxd4 22. Rxd4 1-0

[Event "January 2 Early 2024"]
[Site "https://www.chess.com"]
[Date "2024.01.02"]
[Round "1"]
[White "Matveeva, Olga"]
[Black "Leiva, Gianmarco"]
[Result "0-1"]
[Board "146"]
[TimeControl "180+1"]
[WhiteFideId "24107018"]
[BlackFideId "3804399"]
[WhiteElo "2388"]
[BlackElo "2742"]
[WhiteTeam "RUS"]
[BlackTeam "PER"]
[WhiteClock "0:00:04"]
[BlackClock "0:00:53"]

1. d4 Nf6 2. c4 e6 3. g3 d5 4. Nf3 Bb4+ 5. Bd2 Be7 6. Bg2 O-O 7. O-O c6 8. Qc2 Nbd7 9. Rd1 b6 10. Bf4 Ba6 11. b3 Rc8 12. Ne5 Nxe5 13. dxe5 Nd7 14. e4 dxc4 15. Nd2 Qc7 16. Nxc4 g5 17. Be3 Nxe5 18. Nxe5 Qxe5 19. Bd4 Qc7 20. Rac1 c5 21. Bb2 e5 22. Qc3 Bf6 23. Qf3 Bg7 24. Bh3 Rcd8 25. Bf5 Bc8 26. Qg4 Bxf5 27. Qxf5 h6 28. Kg2 Qe7 29. Qg4 Rxd1 30. Rxd1 Rd8 31. Rxd8+ Qxd8 32. h4 gxh4 33. Bxe5 Qg5 34. Qc8+ Kh7 35. Bf4 Qg6 36. e5 hxg3 37. fxg3 Bxe5 38. Bxe5 Qe4+ 39. Kh3 Qxe5 40. Qb7 Qe6+ 41. Kg2 a5 42. Qf3 Kg6 43. g4 Kg5 44. Kg3 Qe5+ 45. Kg2 Qf4 46. Qd5+ Kxg4 47. Qd7+ Qf5 48. Qd1+ Kg5 49. Qd2+ Kg6 50. Qd6+ Qf6 51. Qd3+ Kg7 52. Qd7 h5 53. Kg3 Qg5+ 54. Kf2 Qf4+ 55. Ke1 Qg3+ 56. Kf1 h4 57. Qf5 h3 0-1

[Event "January 2 Early 2024"]
[Site "https://www.chess.com"]
[Date "2024.01.02"]
[Round "1"]
[White "Syaputra, Arifa Rizki"]
[Black "Ovezdurdyyeva, Jemal"]
[Result "0-1"]
[Board "147"]
[TimeControl "180+1"]
[WhiteFideId "7105100"]
[BlackFideId "14001888"]
[WhiteElo "2737"]
[BlackElo "2387"]
[WhiteTeam "INA"]
[BlackTeam "TKM"]
[WhiteClock "0:00:14"]
[BlackClock "0:01:09"]

1. d4 Nf6 2. Nf3 e6 3. c4 b6 4. Nc3 Bb7 5. Qc2 Bb4 6. a3 Bxc3+ 7. Qxc3 O-O 8. e3 c5 9. Be2 cxd4 10. exd4 d5 11. O-O dxc4 12. Bxc4 Bxf3 13. Qxf3 Nd5 14. Be3 Nc6 15. Rac1 Nce7 16. Bg5 Qd6 17. Ba6 Nf5 18. Rfd1 h6 19. Bh4 Nxh4 20. Qe4 Ng6 21. g3 Rfd8 22. h4 Nge7 23. Bd3 Nf6 24. Qf3 Qd5 25. Qe2 Qh5 26. Qe3 Nf5 27. Qe5 Nxd4 28. Qxh5 Nxh5 29. Kg2 Nf6 30. Ba6 e5 31. Rc7 Rd7 32. Rc3 Rad8 33. Re1 Nd5 34. Rd3 f6 35. Bc4 Kf8 36. Ba2 Ne7 37. Rc3 Rc8 38. Rd3 Rc2 39. Rb1 Rdc7 40. h5 Re2 41. Rbd1 Rxb2 42. Rf1 0-1

[Event "January 2 Early 2024"]
[Site "https://www.chess.com"]
[Date "2024.01.02"]
[Round "1"]
[White "Astafurov, Arseniy"]
[Black "Goltsev, Dmitry"]
[Result "0-1"]
[Board "148"]
[TimeControl "180+1"]
[WhiteFideId "24175218"]
[BlackFideId "24176710"]
[WhiteElo "2385"]
[BlackElo "2736"]
[WhiteTeam "RUS"]
[BlackTeam "RUS"]
[WhiteClock "0:00:08"]
[BlackClock "0:00:26"]

1. c4 e5 2. Nc3 Nc6 3. Nf3 Nf6 4. e3 a5 5. a3 d5 6. cxd5 Nxd5 7. Bb5 Nxc3 8. bxc3 Bd6 9. e4 O-O 10. O-O Bg4 11. Re1 Qf6 12. Be2 Bc5 13. h3 Bh5 14. d3 h6 15. Rb1 b6 16. Be3 Bxa3 17. Qa4 Be7 18. d4 exd4 19. cxd4 Nb4 20. Qb5 Bg6 21. Nd2 Nc2 22. e5 Qf5 23. Bg4 Qd3 24. Re2 Nxe3 25. fxe3 Qxb5 26. Rxb5 Bd3 27. Rb2 Bxe2 28. Bxe2 a4 29. Bb5 a3 30. Ra2 Ra5 31. Bc6 b5 32. Nb3 Ra6 33. d5 b4 34. Kf2 Rd8 35. e4 Rxc6 36. dxc6 Rd3 37. Nc1 Rc3 38. Ne2 Rxc6 39. Nd4 Bc5 40. Ke3 Bxd4+ 41. Kxd4 b3 42. Rxa3 b2 0-1

[Event "January 2 Early 2024"]
[Site "https://www.chess.com"]
[Date "2024.01.02"]
[Round "1"]
[White "Liyanage, Ranindu Dilshan"]
[Black "Hoffmann, Asa"]
[Result "1-0"]
[Board "149"]
[TimeControl "180+1"]
[WhiteFideId "9915834"]
[BlackFideId "2001470"]
[WhiteElo "2735"]
[BlackElo "2383"]
[WhiteTeam "SRI"]
[BlackTeam "USA"]
[WhiteClock "0:01:19"]
[BlackClock "0:01:07"]

1. c4 Nf6 2. Nf3 d6 3. d4 c6 4. Nc3 Bf5 5. g3 h6 6. Bg2 Nbd7 7. O-O e5 8. Re1 e4 9. Nd2 d5 10. Nf1 Be7 11. h3 O-O 12. g4 Bg6 13. Ng3 Bd6 14. c5 Bc7 15. b4 a5 16. b5 cxb5 17. Nxb5 Bb8 18. Be3 Re8 19. Rb1 Nf8 20. Nc3 Qd7 21. Qa4 Qe7 22. g5 hxg5 23. Bxg5 Ne6 24. Nxd5 Nxd5 25. Bxe7 Rxe7 26. Bxe4 Nc3 27. Qc2 Nxe4 28. Nxe4 Ng5 29. f3 Nxe4 30. fxe4 Bxe4 31. Qd2 Re6 32. Rb6 Bc6 33. d5 Rg6+ 34. Kh1 Bf4 35. Qxf4 Bxd5+ 36. e4 1-0

[Event "January 2 Early 2024"]
[Site "https://www.chess.com"]
[Date "2024.01.02"]
[Round "1"]
[White "Travkina, Anastasia"]
[Black "Lewtak, Damian"]
[Result "0-1"]
[Board "150"]
[TimeControl "180+1"]
[WhiteFideId "24129151"]
[BlackFideId "1141724"]
[WhiteElo "2383"]
[BlackElo "2732"]
[WhiteTeam "RUS"]
[BlackTeam "POL"]
[WhiteClock "0:00:16"]
[BlackClock "0:00:52"]

1. e4 c5 2. Nf3 d6 3. d4 cxd4 4. Nxd4 Nf6 5. Nc3 a6 6. Bg5 Nbd7 7. f4 e5 8. Nf5 Qc7 9. Bd3 h6 10. Bxf6 Nxf6 11. O-O Be6 12. Kh1 O-O-O 13. Qe1 Kb8 14. a4 exf4 15. b4 d5 16. Nxd5 Nxd5 17. exd5 Rxd5 18. Nh4 Be7 19. Nf3 Bf6 20. Rb1 Bc3 21. Qe2 g5 22. b5 a5 23. b6 Qd6 24. Rb3 Rc8 25. Rb5 Rxb5 26. axb5 Qxb6 27. Ne5 Qe3 28. Qxe3 fxe3 29. Nxf7 Rf8 30. Nd6 Rxf1+ 31. Bxf1 a4 32. Ne4 Be5 33. Nc5 a3 0-1

[Event "January 2 Early 2024"]
[Site "https://www.chess.com"]
[Date "2024.01.02"]
[Round "1"]
[White "Danielyan, Vahe"]
[Black "Miszler, Levente"]
[Result "1-0"]
[Board "151"]
[TimeControl "180+1"]
[WhiteFideId "13304828"]
[BlackFideId "763276"]
[WhiteElo "2730"]
[BlackElo "2383"]
[WhiteTeam "ARM"]
[BlackTeam "HUN"]
[WhiteClock "0:01:52"]
[BlackClock "0:01:20"]

1. e4 e6 2. d3 b5 3. Nd2 Bb7 4. g3 c5 5. Bg2 g6 6. Ne2 Bg7 7. O-O Ne7 8. f4 O-O 9. h3 d6 10. Kh2 Nd7 11. a4 a6 12. Nf3 Qc7 13. g4 d5 14. Ng3 dxe4 15. dxe4 Rfd8 16. Qe2 b4 17. Be3 Bxb2 18. Rad1 Nf8 19. e5 Nd5 20. Bd2 Bc3 21. Ne4 Bxd2 22. Nfxd2 Nc3 23. Nxc3 Bxg2 24. Qxg2 bxc3 25. Ne4 Rd4 26. Nf6+ Kg7 27. Rxd4 cxd4 28. Qxa8 Qc4 29. Qf3 h6 30. Qd3 Qxa4 31. Rd1 g5 32. fxg5 Ng6 33. gxh6+ Kxh6 34. Re1 a5 35. Re4 Qa1 36. Rxd4 a4 37. Qe3+ Kg7 38. Rd8 1-0

[Event "January 2 Early 2024"]
[Site "https://www.chess.com"]
[Date "2024.01.02"]
[Round "1"]
[White "Haring, Filip"]
[Black "Novak, Ratko"]
[Result "1-0"]
[Board "153"]
[TimeControl "180+1"]
[WhiteFideId "14933080"]
[BlackFideId "14511827"]
[WhiteElo "2722"]
[BlackElo "2381"]
[WhiteTeam "SVK"]
[BlackTeam "CRO"]
[WhiteClock "0:00:44"]
[BlackClock "0:00:11"]

1. Nf3 d5 2. d4 c5 3. e3 cxd4 4. exd4 Nc6 5. Bf4 f6 6. Be2 Bg4 7. O-O e6 8. h3 Bh5 9. c4 Bd6 10. Be3 Nge7 11. Nc3 O-O 12. Rc1 Rc8 13. a3 a6 14. cxd5 exd5 15. Na4 Bf7 16. Nc5 Rb8 17. Bd3 Bc7 18. Qc2 Kh8 19. Nh4 Qd6 20. g3 g6 21. Qd2 g5 22. Nf5 Nxf5 23. Bxf5 Bg6 24. Qc2 Bxf5 25. Qxf5 Rfe8 26. Rfe1 Bb6 27. Nd7 Bxd4 28. Nxb8 Bxe3 29. Rxe3 Rxb8 30. Re6 Qd8 31. Rxf6 Nd4 32. Qe5 Ne2+ 33. Kg2 Nxc1 34. Rf8# 1-0

[Event "January 2 Early 2024"]
[Site "https://www.chess.com"]
[Date "2024.01.02"]
[Round "1"]
[White "Gerbelli Neto, Eduardo"]
[Black "Arabidze, Meri"]
[Result "0-1"]
[Board "154"]
[TimeControl "180+1"]
[WhiteFideId "2103281"]
[BlackFideId "13604040"]
[WhiteElo "2377"]
[BlackElo "2722"]
[WhiteTeam "BRA"]
[BlackTeam "GEO"]
[WhiteClock "0:00:01"]
[BlackClock "0:00:36"]

1. e4 c5 2. Nc3 e6 3. f4 Nc6 4. Nf3 a6 5. g3 g6 6. Bg2 Bg7 7. d3 d6 8. O-O Nge7 9. Qe2 O-O 10. h3 Nd4 11. Qf2 Nec6 12. Nd1 Rb8 13. c3 Nxf3+ 14. Bxf3 b5 15. a3 b4 16. axb4 cxb4 17. Bd2 bxc3 18. Bxc3 Qb6 19. Qxb6 Rxb6 20. e5 dxe5 21. Bxc6 Rxc6 22. fxe5 Rd8 23. d4 Bb7 24. Ne3 Rcc8 25. Ra4 h5 26. g4 Bh6 27. Kf2 h4 28. Rb4 Be4 29. Nc4 Bd3 30. Nd6 Rb8 31. Rxb8 Rxb8 32. Ra1 Bf4 33. Ra5 Bc1 34. b4 Bf4 35. Rc5 g5 36. Rc7 Bg6 37. Kf3 Ra8 38. Rc8+ Rxc8 39. Nxc8 Bd3 40. Ne7+ Kf8 41. Nc6 Bf1 42. Nb8 Bxh3 43. Nxa6 Bf1 44. Nc5 h3 45. Kf2 h2 0-1

[Event "January 2 Early 2024"]
[Site "https://www.chess.com"]
[Date "2024.01.02"]
[Round "1"]
[White "Vaibhav Jayant Raut"]
[Black "Fernandez Garcia, Gumersindo"]
[Result "1-0"]
[Board "155"]
[TimeControl "180+1"]
[WhiteFideId "5089034"]
[BlackFideId "24516740"]
[WhiteElo "2722"]
[BlackElo "2372"]
[WhiteTeam "IND"]
[BlackTeam "ESP"]
[WhiteClock "0:00:48"]
[BlackClock "0:00:10"]

1. e4 c5 2. Nf3 e6 3. b3 d5 4. exd5 exd5 5. Bb2 Nc6 6. Bb5 Bd7 7. O-O Nge7 8. Re1 Qc7 9. Ne5 Nxe5 10. Bxe5 Qc8 11. Qe2 Bxb5 12. Qxb5+ Qc6 13. Qxc6+ bxc6 14. Bd6 Kd7 15. Bxc5 Nf5 16. Bxf8 Rhxf8 17. c3 Rfe8 18. Na3 a5 19. Nc2 Nd6 20. f3 a4 21. Kf2 axb3 22. axb3 Rxe1 23. Rxa8 Rh1 24. Ra7+ Ke8 25. h3 Rd1 26. Ke2 Rg1 27. Ne3 g6 28. b4 Nf5 29. Kf2 Rb1 30. Nxf5 gxf5 31. Rc7 d4 32. Rxc6 Rd1 33. Ke2 Rg1 34. g4 Rg2+ 35. Kd3 dxc3 36. dxc3 Rg3 37. Ke3 Rxh3 38. gxf5 Rh1 39. b5 Rb1 40. c4 h5 41. Kf4 Kd7 42. f6 Rg1 43. Rc5 h4 44. b6 h3 45. Rh5 Rc1 46. c5 h2 47. Rxh2 Rxc5 48. Rb2 Kc8 49. b7+ Kb8 50. Re2 Rc6 51. Kg5 Rc5+ 52. Kh6 Rf5 53. Kg7 Kxb7 54. Kxf7 Kc7 55. Rd2 Rxf3 56. Kg7 Rg3+ 57. Kf8 Rf3 58. f7 Kc8 59. Rg2 Kd7 60. Kg7 Ke7 61. Re2+ Kd7 62. f8=Q 1-0

[Event "January 2 Early 2024"]
[Site "https://www.chess.com"]
[Date "2024.01.02"]
[Round "1"]
[White "Marchesich, Giovanni"]
[Black "Fier, Alexandr"]
[Result "0-1"]
[Board "156"]
[TimeControl "180+1"]
[WhiteFideId "2824790"]
[BlackFideId "2107139"]
[WhiteElo "2370"]
[BlackElo "2721"]
[WhiteTeam "ITA"]
[BlackTeam "BRA"]
[WhiteClock "0:00:02"]
[BlackClock "0:02:16"]

1. e4 Nf6 2. Nc3 e5 3. Nf3 Nc6 4. d4 exd4 5. Nxd4 Bb4 6. Nxc6 bxc6 7. Bd3 d5 8. Bd2 O-O 9. O-O Bxc3 10. Bxc3 Nxe4 11. Bxe4 dxe4 12. Qh5 Qd5 13. Qe5 f6 14. Qxc7 Bg4 15. Qg3 Bh5 16. Rfe1 Rae8 17. Re3 Rf7 18. Rae1 f5 19. Qf4 h6 20. h4 Kh7 21. f3 Re6 22. a3 Rg6 23. Kh2 exf3 24. gxf3 Qc5 25. Qd4 Qxd4 26. Bxd4 f4 27. Rc3 Rg3 28. Rf1 Re7 29. Bf2 Rxf3 30. Rxf3 Bxf3 31. Bc5 Re2+ 32. Kh3 Bg2+ 0-1

[Event "January 2 Early 2024"]
[Site "https://www.chess.com"]
[Date "2024.01.02"]
[Round "1"]
[White "Harshavardhan G B"]
[Black "Kraus, Tomas"]
[Result "1-0"]
[Board "157"]
[TimeControl "180+1"]
[WhiteFideId "25059009"]
[BlackFideId "331708"]
[WhiteElo "2721"]
[BlackElo "2369"]
[WhiteTeam "IND"]
[BlackTeam "CZE"]
[WhiteClock "0:02:00"]
[BlackClock "0:00:01"]

1. e4 c5 2. Nf3 e6 3. b3 d5 4. exd5 exd5 5. d4 Nf6 6. Bb5+ Nc6 7. O-O Be7 8. dxc5 O-O 9. Be3 Ng4 10. Bxc6 bxc6 11. Bd4 Bf5 12. Nbd2 Bf6 13. c3 Re8 14. h3 Ne5 15. Nxe5 Bxe5 16. Bxe5 Rxe5 17. Nf3 Re8 18. Nd4 Bd7 19. Qf3 Qe7 20. b4 a5 21. a3 Qe5 22. Qd3 f5 23. Qd2 f4 24. Rfe1 Qf6 25. Rxe8+ Rxe8 26. Re1 Qg5 27. Rxe8+ Bxe8 28. Ne6 Qg6 29. Nxf4 Qb1+ 30. Kh2 Bd7 31. Qe3 Qf5 32. bxa5 g5 33. Nd3 g4 34. hxg4 Qxg4 35. Qg3 Qxg3+ 36. Kxg3 Bf5 37. Ne5 d4 38. cxd4 1-0

[Event "January 2 Early 2024"]
[Site "https://www.chess.com"]
[Date "2024.01.02"]
[Round "1"]
[White "Semenenko, Dmytry"]
[Black "Poormosavi, Seyed Kian"]
[Result "0-1"]
[Board "158"]
[TimeControl "180+1"]
[WhiteFideId "14118645"]
[BlackFideId "12585807"]
[WhiteElo "2363"]
[BlackElo "2720"]
[WhiteTeam "UKR"]
[BlackTeam "IRI"]
[WhiteClock "0:00:00"]
[BlackClock "0:00:10"]

1. Nf3 Nf6 2. c4 b6 3. d4 Bb7 4. g3 g6 5. Bg2 Bg7 6. O-O O-O 7. Nc3 Ne4 8. Qc2 Nxc3 9. bxc3 e6 10. e4 d6 11. Be3 c5 12. Rfd1 Qc7 13. a4 Nc6 14. Rd2 Na5 15. Bf1 Rac8 16. dxc5 dxc5 17. Rad1 Qc6 18. Ng5 h6 19. Rd6 Qe8 20. Nf3 Bc6 21. Qd2 Bxa4 22. Rb1 Kh7 23. h4 Qe7 24. h5 Rcd8 25. e5 Bc6 26. hxg6+ fxg6 27. Nh4 Bxe5 28. Rxd8 Rxd8 29. Qc2 Rg8 30. Bd3 Qf6 31. Re1 Be8 32. Bd2 Nc6 33. Qc1 Ne7 34. Bxh6 Nf5 35. Bxf5 gxf5 36. Bf4 Bxc3 37. Re3 Bd4 38. Ra3 Qxh4 39. Rxa7+ Kh8 40. Qd2 Qf6 41. Kf1 Bc6 42. Qe2 Be8 43. Be5 Qxe5 44. Qf3 Qe4 0-1